 Dungeon Crawl Stone Soup version 0.25.1-2-g60ff931df9 (webtiles) character file.

Game seed: 3064442217148052919

31899 DogServant the Grappler (level 13, -1/117 HPs)
             Began as a Naga Transmuter on Oct 19, 2020.
             Was the Champion of Cheibriados.
             Killed from afar by a rime drake (22 damage)
             ... with a flash freeze
             ... on level 6 of the Lair of Beasts on Oct 20, 2020.
             The game lasted 00:43:08 (19856 turns).

DogServant the Grappler (Naga Transmuter)          Turns: 19856, Time: 00:43:09

Health: -1/117     AC:  9    Str: 39    XL:     13   Next: 61%
Magic:  20/20      EV: 11    Int: 29    God:    Cheibriados [******]
Gold:   1110       SH:  0    Dex: 26    Spells: 3/18 levels left

rFire    . . .     SeeInvis +     - Unarmed
rCold    . . .     Gourm    .   (no shield)
rNeg     + . .     Faith    .   H - +2 troll leather armour
rPois    +         Spirit   .   (no helmet)
rElec    .         Reflect  .   (no cloak)
rCorr    .         Harm     .   (no gloves)
MR       +....                  (no barding)
Stlth    ++........             (no amulet)
HPRegen  0.69/turn              C - +6 ring of strength
MPRegen  0.17/turn              j - ring of positive energy

@: very slow
A: large, see invisible, deformed body, poison resistance, slowness 2, slow
metabolism 1, spit poison 1, constrict 1, AC +4
a: Spit Poison, Bend Time, Temporal Distortion, Slouch, Step From Time, Renounce
Religion


You were on level 6 of the Lair of Beasts.
You worshipped Cheibriados.
Cheibriados was exalted by your worship.
You were near starving.

You visited 3 branches of the dungeon, and saw 18 of its levels.
You also visited: Bailey.

You collected 1176 gold pieces.
You spent 66 gold pieces at shops.

Inventory:

Hand Weapons
 g - the +8 demon trident "Rift" {distort, reach+}
   (You found it on level 4 of the Dungeon)

   It warps and distorts space around it.
   Unwielding it can cause banishment or high damage.
Missiles
 a - 276 arrows
 h - 23 poisoned darts (quivered)
 v - 6 atropa-tipped darts
Armour
 A - a +1 robe of positive energy
 H - a +2 troll leather armour (worn)
 K - a cursed +0 buckler
Jewellery
 b - a cursed ring of protection from cold
 j - a ring of positive energy (right hand)
 C - a +6 ring of strength (left hand)
 E - an uncursed ring of stealth
 L - an uncursed ring of magical power
Wands
 c - a wand of clouds (7)
 f - a wand of polymorph (15)
 k - a wand of digging (11)
 q - a wand of iceblast (18)
 x - a wand of paralysis (8)
 B - a wand of enslavement (8)
 D - a wand of flame (28)
Scrolls
 e - 5 scrolls of immolation
 n - 7 scrolls of teleportation
 o - 2 scrolls of holy word
 s - 4 scrolls of fog
 t - 5 scrolls of remove curse
 y - a scroll of amnesia
 z - a scroll of random uselessness {unknown}
 I - 2 scrolls of identify
Potions
 i - 4 potions of curing
 l - 2 potions of ambrosia
 m - a potion of flight
 p - 3 potions of brilliance
 r - 2 potions of lignification
 u - 2 potions of heal wounds
 w - 2 potions of resistance
 F - a potion of magic
 G - 2 potions of might
Comestibles
 d - 13 rations


   Skills:
 - Level 8.0 Fighting
 + Level 5.5 Armour
 - Level 2.0 Dodging
 + Level 13.4 Unarmed Combat
 - Level 3.0 Spellcasting
 - Level 10.6 Transmutations
 - Level 2.0 Poison Magic
 - Level 10.5 Invocations
 - Level 5.0 Evocations


You had 3 spell levels left.
You knew the following spells:

 Your Spells              Type           Power        Failure   Level  Hunger
a - Beastly Appendage     Tmut           ######       1%          1    None
b - Sticks to Snakes      Tmut           ######..     1%          2    #......
c - Spider Form           Tmut/Pois      #####.....   1%          3    ###....
d - Blade Hands           Tmut           ######....   2%          5    ######.
e - Ice Form              Ice/Tmut       #####...     9%          4    ####...

Your spell library contained the following spells:

 Spells                   Type           Power        Failure   Level  Hunger
 Sting                    Tmut/Pois      ####         1%          1    None
 Ignite Poison            Fire/Tmut/Pois ####....     4%          3    ###....
 Foxfire                  Conj/Fire      #...         9%          1    None
 Poisonous Vapours        Pois/Air       ##....       9%          2    #......
 Mephitic Cloud           Conj/Pois/Air  #.......     19%         3    ###....
 Conjure Flame            Conj/Fire      #.......     24%         3    ###....
 Inner Flame              Hex/Fire       #.......     24%         3    ###....
 Olgreb's Toxic Radiance  Pois           ###.....     34%         4    ####...
 Sticky Flame             Conj/Fire      #.......     63%         4    ####...
 Fireball                 Conj/Fire      #.........   92%         5    ######.


Dungeon Overview and Level Annotations

Branches:
Dungeon (11/15)            Temple (1/1) D:4            Lair (6/6) D:11
  Swamp (0/4) Lair:2        Snake (0/4) Lair:4       Bailey (visited)
  Slime: Lair:5-6       Orc: D:9-12

Altars:
Ashenzari
Cheibriados
Dithmenos
Fedhas
Gozag
Hepliaklqana
Kikubaaqudgha
Makhleb
Qazlal
Ru
Sif Muna
Uskayaw
Wu Jian
Beogh

Shops:
D:4 *

Annotations:
D:7 1 runed translucent door, Crazy Yiuf
D:11 3 runed translucent doors, TangoThomas's ghost, journeyman BaSk
Lair:2 1 runed translucent door, exclusion: 4 oklob plants, Qaler's ghost, journeyman FeIE


Innate Abilities, Weirdness & Mutations

You cannot wear boots.
Your serpentine skin is tough. (AC +4)
You have supernaturally acute eyesight. (SInv)
Armour fits poorly on your strangely shaped body.
Your system is resistant to poisons. (rPois)
You cover ground very slowly.
You have a slow metabolism.
You can spit poison.
You can use your snake-like lower body to constrict enemies.


Message History

Moving in this stuff is going to be slow.
A yak comes into view.
The yak bellows!
A yak comes into view.
The yak bellows!
A yak comes into view.
The yak bellows!
A yak comes into view.
The yak bellows!
A yak comes into view.
A crocodile comes into view.
The yak gores you.
* * * LOW HITPOINT WARNING * * *
The yak bellows!
Found four items.
A rime drake comes into view.
The yak gores you!
* * * LOW HITPOINT WARNING * * *
The rime drake breathes ice at you. The flash freeze hits you!!
You die...

≈ ≈≈.PPPP.. #≈
≈...PP... ≈≈
#≈.P..P..
≈##....?...
P≈≈.......
≈≈...[...
##Y...!...
#@YYY.....
#≈≈≈≈≈..Y....
#P≈.≈≈≈≈........
≈k≈#≈≈#.t.......
≈≈ #≈≈.#≈.......
#≈≈P≈........
#≈P≈PP.....[#
#≈≈##≈......#


You could see 5 yaks, a rime drake (catching breath) and a crocodile.

Vanquished Creatures
  Kirke (Lair:5)
  An ice dragon (D:11)
  2 two-headed ogres
  An unseen horror (D:11)
  An orc knight (Bailey)
  An ugly thing (D:11)
  3 oklob plants (D:11)
  3 elephants (Lair:5)
  A black mamba (Lair:2)
  8 spiny frogs
  A rime drake (Lair:5)
  5 komodo dragons
  A tengu conjurer (D:11)
  2 ice devils (D:11)
  14 blink frogs (Lair:5)
  3 trolls
  6 hippogriffs
  2 spriggans (Lair:3)
  Eustachio (D:6)
  35 yaks
  A hungry ghost (D:9)
  A basilisk (Lair:5)
  A steam dragon (D:9)
  4 nagas (Lair:4)
  7 porcupines
  9 orc warriors
  14 water moccasins
  A black bear (D:7)
  2 phantoms
  A sky beast (D:6)
  An ice beast (D:8)
  7 ogres
  16 wolves
  9 centaurs
  5 crocodiles
  A big kobold (D:8)
  10 bullfrogs
  A wyvern skeleton (D:8)
  3 scorpions
  12 killer bees
  An electric eel (Lair:4)
  4 wights (D:7)
  A howler monkey (D:4)
  A centaur zombie (D:10)
  A quasit (D:10)
  8 crimson imps
  A centaur skeleton (D:10)
  3 jellies
  A bullfrog skeleton (D:8)
  3 orc priests (D:11)
  6 hounds
  2 iguanas (D:11)
  14 orc wizards
  9 worker ants
  A killer bee zombie (D:7)
  10 adders
  A howler monkey skeleton (D:10)
  3 shadow imps
  2 oozes (D:3)
  An adder zombie (D:8)
  2 worms
  A dart slug (D:1)
  4 leopard geckos
  57 orcs
  4 bats
  A bat skeleton (D:2)
  6 giant cockroaches
  10 hobgoblins
  19 jackals
  20 kobolds
  4 quokkas
  3 ball pythons
  3 frilled lizards
  A giant cockroach zombie (D:6)
  14 goblins
  A jackal skeleton (D:6)
  A jackal zombie (D:2)
  A leopard gecko zombie (D:8)
  A quokka skeleton (D:2)
  A quokka zombie (D:7)
  4 rats
  A fungus (Lair:5)
  2 plants
432 creatures vanquished.

Vanquished Creatures (collateral kills)
  Grinder (D:4)
  A naga (Lair:4)
  A killer bee (D:10)
  3 adders
  A goblin (D:3)
7 creatures vanquished.

Vanquished Creatures (others)
  5 humans (Lair:5)
  A fungus (Lair:5)
  3 plants
9 creatures vanquished.

Grand Total: 448 creatures vanquished

Notes
Turn   | Place    | Note
-------+----------+-------------------------------------------
     0 | D:1      | DogServant the Naga Transmuter began the quest for the Orb.
     0 | D:1      | Reached XP level 1. HP: 18/18 MP: 3/3
   549 | D:1      | Reached XP level 2. HP: 20/25 MP: 1/5
  1453 | D:1      | Learned a level 2 spell: Sticks to Snakes
  1508 | D:2      | HP: 1/25 [quokka (1)]
  1830 | D:2      | Reached XP level 3. HP: 24/31 MP: 4/6
  1947 | D:2      | Found an ancient bone altar of Kikubaaqudgha.
  1950 | D:2      | Found a sacrificial altar of Ru.
  1953 | D:2      | Found a burning altar of Makhleb.
  2483 | D:2      | Learned a level 3 spell: Spider Form
  2635 | D:2      | Found a hazy altar of Hepliaklqana.
  3183 | D:3      | Reached skill level 1 in Poison Magic
  3390 | D:3      | Reached skill level 4 in Unarmed Combat
  3390 | D:3      | Reached XP level 4. HP: 33/38 MP: 5/7
  3535 | D:3      | Found a shattered altar of Ashenzari.
  3637 | D:3      | Found a stormy altar of Qazlal.
  4338 | D:4      | Reached XP level 5. HP: 44/44 MP: 3/8
  4389 | D:4      | Reached skill level 5 in Unarmed Combat
  4520 | D:4      | Noticed a phantom
  4563 | D:4      | Killed a phantom
  4563 | D:4      | Reached skill level 6 in Unarmed Combat
  4563 | D:4      | Reached XP level 6. HP: 43/51 MP: 2/9
  4866 | D:4      | Found the +8 demon trident "Rift" {distort, reach+}
  5037 | D:4      | Reached XP level 7. HP: 36/60 MP: 5/10
  5311 | D:4      | Found a staircase to the Ecumenical Temple.
  5320 | Temple   | Entered the Ecumenical Temple
  5342 | Temple   | Became a worshipper of Cheibriados the Contemplative
  5688 | D:4      | Noticed Grinder
  5703 | D:4      | Killed Grinder
  6069 | D:4      | Found Sig Imp's General Store.
  6072 | D:4      | Bought a scroll of teleportation for 33 gold pieces
  6072 | D:4      | Bought a potion of lignification for 33 gold pieces
  6175 | D:5      | Entered Level 5 of the Dungeon
  6392 | D:5      | Reached skill level 7 in Unarmed Combat
  6562 | D:5      | Reached skill level 1 in Evocations
  6613 | D:5      | Reached XP level 8. HP: 72/72 MP: 5/11
  7320 | D:6      | Reached * piety under Cheibriados
  7621 | D:6      | Reached skill level 5 in Fighting
  7649 | D:6      | Noticed Eustachio
  7655 | D:6      | Killed Eustachio
  7655 | D:6      | Reached skill level 8 in Unarmed Combat
  7765 | D:6      | Learned a level 5 spell: Blade Hands
  7812 | D:6      | Reached XP level 9. HP: 43/81 MP: 9/12
  8322 | D:7      | Reached ** piety under Cheibriados
  8885 | D:7      | Reached skill level 5 in Evocations
  9252 | D:7      | Found a runed translucent door.
  9253 | D:7      | Noticed Crazy Yiuf
  9319 | D:7      | Reached skill level 1 in Invocations
  9439 | D:8      | Reached skill level 1 in Armour
  9468 | D:8      | Reached skill level 9 in Unarmed Combat
  9854 | D:8      | Noticed a two-headed ogre
  9864 | D:8      | Killed a two-headed ogre
  9864 | D:8      | Reached *** piety under Cheibriados
  9864 | D:8      | Reached skill level 5 in Transmutations
  9864 | D:8      | Reached XP level 10. HP: 81/91 MP: 10/13
 10816 | D:9      | Reached **** piety under Cheibriados
 11697 | D:9      | Reached skill level 5 in Invocations
 12171 | D:10     | Entered Level 10 of the Dungeon
 12177 | D:10     | Reached skill level 10 in Unarmed Combat
 12469 | D:10     | Reached ***** piety under Cheibriados
 13536 | D:11     | Noticed an unseen horror
 13544 | D:11     | Killed an unseen horror
 13544 | D:11     | Reached XP level 11. HP: 72/99 MP: 10/15
 13572 | D:11     | Noticed a brown ugly thing
 13580 | D:11     | Killed a brown ugly thing
 13640 | D:11     | Noticed a two-headed ogre
 13645 | D:11     | Killed a two-headed ogre
 13704 | D:11     | Noticed an oklob plant
 13705 | D:11     | Noticed an oklob plant
 13711 | D:11     | Found a staircase to the Lair.
 13711 | D:11     | Noticed an oklob plant
 13714 | D:11     | Killed an oklob plant
 13719 | D:11     | Killed an oklob plant
 13725 | D:11     | Killed an oklob plant
 13864 | D:11     | Found a flagged portal.
 13870 | Bailey   | Entered a bailey
 13919 | Bailey   | Noticed an orc knight
 13927 | Bailey   | Killed an orc knight
 14152 | D:11     | Reached skill level 11 in Unarmed Combat
 14280 | D:11     | Noticed TangoThomas's ghost (journeyman BaSk)
 14312 | D:11     | Found a runed translucent gate.
 14313 | D:11     | Found a runed translucent gate.
 14314 | D:11     | Found a runed translucent gate.
 14327 | D:11     | Found a roughly hewn altar of Beogh.
 14418 | D:11     | Noticed an ice dragon
 14818 | D:11     | Killed an ice dragon
 15086 | Lair:1   | Entered Level 1 of the Lair of Beasts
 15110 | Lair:1   | Learned a level 4 spell: Ice Form
 15432 | Lair:1   | Reached XP level 12. HP: 109/109 MP: 13/18
 16070 | Lair:2   | Noticed Qaler's ghost (journeyman FeIE)
 16164 | Lair:2   | Found a runed translucent door.
 16529 | Lair:2   | Found a staircase to the Swamp.
 16825 | Lair:3   | Reached skill level 12 in Unarmed Combat
 17192 | Lair:3   | Noticed a spriggan rider
 17308 | Lair:4   | Reached ****** piety under Cheibriados
 17314 | Lair:4   | Reached skill level 10 in Transmutations
 17692 | Lair:4   | Reached skill level 10 in Invocations
 17881 | Lair:4   | Gained mutation: You can use your snake-like lower body to
                  | constrict enemies. [Naga growth]
 17881 | Lair:4   | Reached XP level 13. HP: 65/117 MP: 20/20
 18130 | Lair:4   | Found a staircase to the Snake Pit.
 18815 | Lair:5   | Noticed Kirke
 18824 | Lair:5   | Killed Kirke
 18855 | Lair:5   | Reached skill level 13 in Unarmed Combat
 19143 | Lair:5   | Reached skill level 5 in Armour
 19807 | Lair:6   | Entered Level 6 of the Lair of Beasts
 19856 | Lair:6   | Killed from afar by a rime drake

Illustrated notes

Levels and vault maps discovered:
D:1:      roderic_chinese_lattice_arrival, layout_loops_ring
D:2:      layout_loops_ring, marbit_many_paths, grunt_temple_overflow_diamond,
          first_ration, serial_undead, serial_undead_b, serial_undead_a,
          serial_undead_f, serial_undead_f
D:3:      layout_loops_corners, cheibrodos_ashenzari_chains,
          lemuel_crystal_altar
D:4:      layout_gridville, minmay_temple_entry_statues_pillars, serial_shops,
          kennysheep_mini, hangedman_decor_opposing, uniq_grinder
D:5:      layout_loops_cross
D:6:      layout_gridville, kennysheep_generic_room_15, uniq_eustachio
D:7:      layout_gridville, uniq_crazy_yiuf_cottage
D:8:      layout_loops_ring, hangedman_ranch [blue_anna_fruit_fields],
          minmay_statues_item
D:9:      layout_gridville
D:10:     layout_gridville
D:11:     layout_rooms, dpeg_oklobed_lair, portal_ice_cave_demonic_guard,
          biasface_ghost_orc_armoury, enter_bailey_3, minmay_three_doors
Temple:   kb_temple_of_zot
Lair:1:   layout_regular_city, cheibrodos_lair_reptile_den, grunt_megastairs_2
Lair:2:   layout_hall_layers, swamp_mist, gammafunk_ghost_grave,
          minmay_lair_oklob_chamber, serial_bayou_shore_b
Lair:3:   kb_forest_paths, layout_concentric_octagons
Lair:4:   layout_gridlike, minmay_snake_entry_guardpost_large,
          infiniplex_staircase_pool
Lair:5:   layout_cave_pods, nicolae_volcano_entry_lava_flow, uniq_kirke
Lair:6:   gammafunk_lair_ancient_temple, layout_regular_city, slime_dummy,
          serial_forest, infiniplex_forest_3_way, infiniplex_forest_straight_1,
          infiniplex_forest_clump_cross, infiniplex_forest_clump_diagonal,
          infiniplex_forest_clump_medium, infiniplex_forest_lined_3_way,
          serial_bayou_pond_c, minmay_lair_oklob_items, uniq_josephine

Skill      XL: |  1  2  3  4  5  6  7  8  9 10 11 12 13 |
---------------+----------------------------------------+-----
Transmutations | 3 4 5 7 8 10 | 10.6
Poison Magic   | 1 2 |  2.0
Unarmed Combat | 4 6 7 8 9 10 11 12 13 | 13.4
Fighting       | 2 3 5 6 7 8 |  8.0
Evocations     | 1 4 5 |  5.0
Invocations    | 3 6 8 10 | 10.5
Armour         | 2 3 5 |  5.5
Dodging        | 2 |  2.0
Spellcasting   | 3 |  3.0

Action                   |  1- 3 |  4- 6 |  7- 9 | 10-12 | 13-15 || total
-------------------------+-------+-------+-------+-------+-------++-------
Melee: Unarmed           |   140 |   128 |   250 |   406 |    94 ||  1018
       Headbutt          |    11 |     1 |     1 |     5 |       ||    18
       Punch             |     1 |     2 |     3 |    24 |    15 ||    45
       Constrict         |       |       |       |       |    23 ||    23
Throw: Dart              |       |       |       |    16 |       ||    16
 Cast: Beastly Appendage |    15 |    10 |     5 |     6 |     1 ||    37
       Sticks to Snakes  |     2 |     4 |     7 |    12 |     3 ||    28
       Spider Form       |       |    10 |    32 |    15 |       ||    57
       Blade Hands       |       |       |       |    42 |    19 ||    61
Invok: Slouch            |       |       |       |     5 |     1 ||     6
 Abil: Spit Poison       |    13 |     3 |     4 |     5 |       ||    25
Evoke: Wand              |       |       |     1 |     3 |       ||     4
  Use: Potion            |     2 |     2 |     1 |     5 |       ||    10
       Scroll            |     1 |     2 |    11 |    13 |     5 ||    32
 Stab: Sleeping          |     1 |       |       |     3 |       ||     4
       Distracted        |       |       |       |       |     3 ||     3
  Eat: Chunk             |     7 |     6 |    12 |    20 |     9 ||    54
       Ration            |       |       |     1 |     4 |       ||     5
Armor: Robe              |    18 |    25 |    16 |     5 |       ||    64
       Skin              |       |     5 |    15 |     4 |       ||    24
       Ring mail         |       |       |       |    30 |       ||    30
       Troll leather arm |       |       |       |    99 |    32 ||   131
Dodge: Dodged            |    99 |    85 |   225 |   338 |    36 ||   783
